 Dungeon Crawl Stone Soup version 0.21.1-1-g345015fe64 (webtiles) character file.

73 DildoBatman the Sneak (level 4, 0/35 HPs)
             Began as a Formicid Enchanter on Feb 8, 2018.
             Succumbed to an adder's poison
             ... on level 2 of the Dungeon.
             The game lasted 00:05:42 (2278 turns).

DildoBatman the Sneak (Formicid Enchanter)          Turns: 2278, Time: 00:05:42

Health: 0/35       AC:  5    Str: 13    XL:     4   Next: 51%
Magic:  7/7        EV: 11    Int: 15    God:
Gold:   232        SH:  0    Dex: 11    Spells: 6/7 levels left

rFire    . . .     SeeInvis +   b - +0 flail
rCold    . . .     Gourm    .   (no shield)
rNeg     . . .     Faith    .   n - +0 ring mail
rPois    .         Spirit   .   (helmet unavailable)
rElec    .         Reflect  .   (no cloak)
rCorr    .         Harm     .   (no gloves)
MR       .....                  (no boots)
Stlth    ++........             (no amulet)
HPRegen  0.11/turn              (no ring)
MPRegen  0.10/turn              (no ring)

@: lethally poisoned (0 -> -5)
A: permanent stasis, dig shafts and tunnels, four strong arms, antennae 3
a: Dig, Shaft Self


You were on level 2 of the Dungeon.
You were hungry.

You visited 1 branch of the dungeon, and saw 2 of its levels.

You collected 232 gold pieces.

Inventory:

Hand Weapons
 a - a +1 dagger
 b - a +0 flail (weapon)
Armour
 n - a +0 ring mail (worn)
Scrolls
 d - 2 scrolls of enchant weapon {unknown}
 f - a scroll of fear {unknown}
 g - a scroll of enchant armour {unknown}
 h - a scroll of identify {unknown}
 j - 2 scrolls of amnesia {unknown}
 l - a scroll of blinking {unknown}
Potions
 i - a potion of haste {unknown}
Books
 c - a book of Maledictions

   Spells                             Type                      Level
   a - Corona                         Hexes                        1
   b - Ensorcelled Hibernation        Hexes/Ice                    2
   c - Confuse                        Hexes                        3
   d - Tukima's Dance                 Hexes                        3
   e - Dazzling Spray                 Conjuration/Hexes            3
Comestibles
 e - 5 chunks of flesh
 v - 5 rations


   Skills:
 - Level 3.0 Fighting
 - Level 1.0 Short Blades
 * Level 1.9 Armour
 - Level 2.0 Dodging
 - Level 4.0 Stealth
 - Level 2.1 Spellcasting
 - Level 3.6 Hexes


You had 6 spell levels left.
You knew the following spells:

 Your Spells              Type           Power        Failure   Level  Hunger
a - Corona                Hex            ##.....      11%         1    #......


Dungeon Overview and Level Annotations

Branches:
Dungeon (2/15)

Altars:


Innate Abilities, Weirdness & Mutations

You cannot be hasted, slowed, berserked, paralysed or teleported.
You can dig through walls and to a lower floor.
Your four strong arms can wield two-handed weapons with a shield.
You have a pair of large antennae on your head. (SInv)


Message History

You sock the adder!
You kill the adder!
You feel very sick.
No target in view!
There is a lethal amount of poison in your body!
There is a lethal amount of poison in your body!
You feel sick.
You feel sick.
You feel sick.
You feel sick.
You feel sick.
You feel sick.
You feel sick.
You feel sick.
You feel sick.
You feel sick.
You feel sick.
You feel sick.
You feel sick.
You die...

##.####.#############......######
....................÷............
#..##################......######
#..# ##......# { .).# ######
##.####### #.## #....########.##
#.# #.(...........# ..#
#.............#
..#####........†@...##########..
................................
.######.............#########.##
## #.............####
###########.#....# #.#.##.# ..
#.#.##.# .# #.#.##.# .. #.#.##.#
..


There were no monsters in sight!

Vanquished Creatures
  2 adders (D:2)
  3 dart slugs
  A leopard gecko (D:2)
  2 ball pythons
  2 giant cockroaches
  4 goblins
  4 hobgoblins
  3 jackals (D:1)
  9 kobolds
  A quokka (D:2)
  5 bats
  4 frilled lizards
  5 rats
  A fungus (D:1)
46 creatures vanquished.

Notes
Turn   | Place    | Note
-------+----------+-------------------------------------------
     0 | D:1      | DildoBatman the Formicid Enchanter began the quest for the Orb.
     0 | D:1      | Reached XP level 1. HP: 13/13 MP: 3/3
   144 | D:1      | Reached skill level 1 in Fighting
   243 | D:1      | Reached XP level 2. HP: 17/22 MP: 0/5
   924 | D:1      | Reached XP level 3. HP: 13/28 MP: 3/6
  1771 | D:2      | Reached XP level 4. HP: 8/35 MP: 7/7
  2051 | D:2      | Reached skill level 1 in Armour
  2058 | D:2      | Reached skill level 4 in Stealth
  2276 | D:2      | HP: 1/35 [poisoned by an adder]
  2278 | D:2      | Succumbed to an adder's poison

Skill      XL: |  1  2  3  4 |
---------------+-------------+-----
Fighting       | 1 2 3 |  3.0
Dodging        | 2 |  2.0
Armour         | 1 |  1.9
Stealth        | 4 |  4.0
Short Blades   | |  1.0
Spellcasting   | |  2.1
Hexes          | |  3.6

Action                   |  1- 3 |  4- 6 || total
-------------------------+-------+-------++-------
Melee: Dagger            |   156 |    33 ||   189
       Flail             |       |    10 ||    10
 Cast: Corona            |    38 |    10 ||    48
 Abil: Dig               |     1 |     1 ||     2
  Use: Potion            |       |     3 ||     3
 Stab: Sleeping          |     3 |     1 ||     4
  Eat: Chunk             |     4 |     1 ||     5
Armor: Robe              |    28 |       ||    28
       Ring mail         |     3 |    18 ||    21
Dodge: Dodged            |    88 |    27 ||   115
